AoeStats
← [Massa] Edo

Arena

504664040Analyzed
2v2 RM · 26d ago on Sep 6, 2026· 29m 29s· 4 players
Game mode
Random Map
Map size
Medium (4 player)
Population
200
Speed
Normal
Resources
Standard
Victory
Conquest
Starting age
Dark Age
Ending age
Imperial Age
RankedLock teamsTeams togetherTeam positionsShared explorationLock speedFull tech treeHidden civsTurbo modeCheats
Victory
Defeat
🇨🇴 Wu · Colombia
1502
+14
🇨🇴 Burgundians · Colombia
1373
+19
🇧🇷 Britons · Brazil
1472
-17
🇧🇷 Slavs · Brazil
1424
-16
TVHG.LALO_CAESTA
3:30 Double-Bit Axe
7:10 Wheelbarrow
10:04 Feudal Age
8:51 Horse Collar
14:51 Loom
18:09 Gold Mining
20:18 Gold Shaft Mining
19:58 Bow Saw
21:34 Hand Cart
27:01 Heavy Plow
28:25 Gold Shaft Mining
tomas
10:29 Feudal Age
11:52 Loom
14:14 Castle Age
13:20 Scale Mail Armor
13:31 Forging
14:20 Arson
15:34 Chain Mail Armor
15:38 Squires
22:39 Iron Casting
30:18 Wheelbarrow
[Massa] Edo
11:00 Feudal Age
14:50 Castle Age
12:54 Double-Bit Axe
12:57 Horse Collar
15:51 Bow Saw
19:37 Loom
20:39 Heavy Plow
21:24 Fletching
23:26 Bodkin Arrow
23:51 Padded Archer Armor
24:50 Ballistics
26:17 Wheelbarrow
26:23 Murder Holes
26:59 Gambesons
27:15 Squires
27:32 Scale Mail Armor
28:10 Forging
27:43 Man-at-Arms
29:01 Chain Mail Armor
28:56 Long Swordsman
tg
6:15 Loom
8:54 Feudal Age
9:25 Double-Bit Axe
11:13 Horse Collar
16:35 Man-at-Arms
Connection lost

Rejoining the realm…

Still unreachable

The connection could not be restored.

Session expired

The server has moved on; the page needs a fresh start.